Description

...Moral of the story, Dont talk $hit.. You may actually play The One Who Came up with the build your trying to beat, so with that here is a different version of the 2 Gate🔥 vS Terran

VOD

https://www.youtube.com/watch?v=if31RubkIKQ

Replay - Kììì v Trickster - Deathaura LE

Build Order

Get SALT Encoding   

  12  0:01  Probe  
  13  0:14  Probe  
  14  0:21  Pylon  
  14  0:26  Probe  
  15  0:39  Probe  
  15  0:40  Gateway  
  16  0:51  Probe  
  16  0:53  Gateway  
  17  0:58  Assimilator  
  17  1:03  Probe  
  18  1:05  Assimilator  
  18  1:15  Probe  
  19  1:29  Cybernetics Core  
  19  1:31  Probe  
  20  1:43  Probe  
  21  1:52  Pylon  
  21  1:55  Probe  
  22  2:07  Stalker x2 (Chrono Boost)  
  22  2:13  Warp Gate  
  27  2:30  Adept (Chrono Boost)  
  27  2:36  Nexus  
  31  2:37  Adept (Chrono Boost)  
  31  2:48  Pylon  
  31  2:56  Stargate  
  28  3:44  Nexus  
  27  3:52  Oracle (Chrono Boost)  
  28  4:00  Pylon  
  30  4:05  Stalker  
  35  4:22  Phoenix  
  38  4:26  Stalker  
  42  4:38  Twilight Council  
  45  4:56  Stalker  
  45  4:57  Zealot  
  45  4:59  Phoenix  
  52  5:28  Stalker x2  
  62  5:52  Fleet Beacon  
  62  5:53  Charge (Chrono Boost), Nexus  
  62  6:01  Zealot x2  
  62  6:04  Gateway x2  
  69  6:14  Gateway  
  70  6:19  Gateway  
  72  6:29  Pylon  
  77  6:45  Zealot x2  
  75  6:50  Gateway x2  
  75  6:59  Stalker  
  77  7:04  Zealot x2  
  79  7:13  Zealot x3  
  57  8:07  Stalker  
  56  8:23  Stalker  
  54  9:08  Nexus  
  52  9:14  Phoenix (Chrono Boost)  
  58  9:19  Dark Shrine  
Spawning Tool Build Advisor. Get it on Overwolf

Analysis

Sim City's should go in MAIN; not Natural.. this was my attempt at a "Trolling" Moment.

Go to:

Details

  • Created by: Sc2KiiiA     
  • Published on: Sep 23, 2020
  • Modified on: Sep 23, 2020
  • Patch: 4.11.0
  • Difficulty: Medium
Show
View Real Time Build Order
Export as new Build Order

Comments (0)

There are no comments. Be the first!

Create an account to comment!